BSA
PORTLAND CARDS @ VISTA PANTHERS
07/12/2030
 
TOP OF THE 1ST
Portland Cards batting - Pitching for Vista Panthers : LHP Andrew Caine
Pitching: LHP Andrew Caine
Batting: RHB Carlos Sánchez 0-0: Called Strike
0-1: Called Strike
0-2: Ground out 6-3 (Groundball, 6)
Batting: RHB Peter Hensley 0-0: Ball
1-0: Ground out 4-3 (Groundball, 34)
Batting: LHB Troy Donaldson 0-0: Ball
1-0: Called Strike
1-1: SINGLE (Groundball, 34D)
Batting: SHB Giancarlo Giannini 0-0: Called Strike
0-1: SINGLE (Groundball, P) (infield hit)
Troy Donaldson to second
Batting: LHB Leonardo Medina 0-0: Foul Ball, location: 2F
0-1: Ball
1-1: Swinging Strike
1-2: Ball
2-2: Ball
3-2: Base on Balls
Troy Donaldson to third
Giancarlo Giannini to second
Batting: SHB Marvin Harris 0-0: Ball
1-0: Swinging Strike
1-1: Foul Ball, location: 2F
1-2: Ball
2-2: Foul Ball, location: 2F
2-2: Strikes out swinging
Top of the 1st over - 0 runs, 2 hits, 0 errors, 3 left on base; Portland 0 - Vista 0
BOTTOM OF THE 1ST
Vista Panthers batting - Pitching for Portland Cards : RHP Gustavo Ramos
Pitching: RHP Gustavo Ramos
Batting: RHB Gustavo Torres 0-0: Ball
1-0: Ball
2-0: Foul Ball, location: 2F
2-1: Called Strike
2-2: Foul Ball, location: 2F
2-2: Foul Ball, location: 2F
2-2: Foul Ball, location: 2F
2-2: Ball
3-2: Ground out 5-3 (Groundball, 56)
Batting: LHB Clyde Yarbrough 0-0: Foul Ball, location: 2F
0-1: Ball
1-1: Ball
2-1: Foul Ball, location: 2F
2-2: Strikes out swinging
Batting: RHB Jake Reeves 0-0: Called Strike
0-1: Fly out, F9 (Flyball, 9S)
Bottom of the 1st over - 0 runs, 0 hits, 0 errors, 0 left on base; Portland 0 - Vista 0
TOP OF THE 2ND
Portland Cards batting - Pitching for Vista Panthers : LHP Andrew Caine
Batting: SHB Ken Hernández 0-0: Called Strike
0-1: Foul Ball, location: 2F
0-2: Foul Ball, location: 2F
0-2: Strikes out swinging
Batting: LHB Héctor Cruz 0-0: Ball
1-0: Ball
2-0: Called Strike
2-1: Swinging Strike
2-2: Ground out 4-3 (Groundball, 4)
Batting: LHB Joel Nelson 0-0: Swinging Strike
0-1: Ground out 6-3 (Groundball, 6)
Top of the 2nd over - 0 runs, 0 hits, 0 errors, 0 left on base; Portland 0 - Vista 0
BOTTOM OF THE 2ND
Vista Panthers batting - Pitching for Portland Cards : RHP Gustavo Ramos
Batting: LHB Dante Owens 0-0: Swinging Strike
0-1: Ball
1-1: Ball
2-1: Fly out, F7 (Flyball, 78D)
Batting: RHB Stephen Wilson 0-0: Called Strike
0-1: Called Strike
0-2: Ball
1-2: Ball
2-2: Ball
3-2: Foul Ball, location: 2F
3-2: Foul Ball, location: 2F
3-2: Fly out, F7 (Flyball, 7S)
Batting: RHB Luis Ríos 0-0: Foul Ball, location: 2F
0-1: Ball
1-1: Ball
2-1: Ground out 6-3 (Groundball, 56)
Bottom of the 2nd over - 0 runs, 0 hits, 0 errors, 0 left on base; Portland 0 - Vista 0
TOP OF THE 3RD
Portland Cards batting - Pitching for Vista Panthers : LHP Andrew Caine
Batting: RHB Carlos Sánchez 0-0: Called Strike
0-1: Called Strike
0-2: Ball
1-2: Strikes out swinging
Batting: RHB Peter Hensley 0-0: Called Strike
0-1: SINGLE (Popup, 4D)
Batting: LHB Troy Donaldson 0-0: Called Strike
0-1: Ball
1-1: Ball
2-1: Swinging Strike
2-2: Ball
3-2: Strikes out swinging
Batting: SHB Giancarlo Giannini 0-0: Called Strike
0-1: Ball
1-1: Foul Ball, location: 2F
1-2: Ball
2-2: Strikes out swinging
Top of the 3rd over - 0 runs, 1 hit, 0 errors, 1 left on base; Portland 0 - Vista 0
BOTTOM OF THE 3RD
Vista Panthers batting - Pitching for Portland Cards : RHP Gustavo Ramos
Batting: RHB Justin Burgess 0-0: Ball
1-0: Foul Ball, location: 2F
1-1: Ball
2-1: Foul Ball, location: 2F
2-2: Foul Ball, location: 2F
2-2: Ball
3-2: Foul Ball, location: 2F
3-2: TRIPLE (Flyball, 89XD)
Batting: LHB Noriaki Sangi 0-0: Swinging Strike
0-1: Ball
1-1: Ball
2-1: Ball
3-1: Base on Balls
Batting: LHB Francisco Medina Balk!
Justin Burgess scores
Noriaki Sangi to second
0-0: Ball
1-0: Fly out, F8 (Flyball, 8RS)
Batting: RHB Gustavo Torres 0-0: Called Strike
0-1: Swinging Strike
0-2: Ball
1-2: SINGLE (Groundball, 56D)
Noriaki Sangi to third
Runner from 3rd tries for Home, SAFE, no throw
Batting: LHB Clyde Yarbrough 0-0: Called Strike
Gustavo Torres is caught stealing 2nd base
0-1: Swinging Strike
0-2: Fly out, F3 (Popup, 23F)
Bottom of the 3rd over - 2 runs, 2 hits, 0 errors, 0 left on base; Portland 0 - Vista 2
TOP OF THE 4TH
Portland Cards batting - Pitching for Vista Panthers : LHP Andrew Caine
Batting: LHB Leonardo Medina 0-0: Ball
1-0: Foul Ball, location: 2F
1-1: Foul Ball, location: 2F
1-2: Ball
2-2: Fly out, F7 (Line Drive, 7S)
Batting: SHB Marvin Harris 0-0: Swinging Strike
0-1: Ball
1-1: Ball
2-1: Fly out, F7 (Flyball, 78M)
Batting: SHB Ken Hernández 0-0: Foul Ball, location: 2F
0-1: SINGLE (Groundball, 4MD)
Batting: LHB Héctor Cruz 0-0: Called Strike
0-1: Foul Ball, location: 2F
0-2: Ground out 4-3 (Groundball, 4)
Top of the 4th over - 0 runs, 1 hit, 0 errors, 1 left on base; Portland 0 - Vista 2
BOTTOM OF THE 4TH
Vista Panthers batting - Pitching for Portland Cards : RHP Gustavo Ramos
Batting: RHB Jake Reeves 0-0: Ball
1-0: Swinging Strike
1-1: Fly out, F5 (Popup, 5SF)
Batting: LHB Dante Owens 0-0: SINGLE (Groundball, 6S) (infield hit)
Batting: RHB Stephen Wilson 0-0: Called Strike
0-1: Ball
1-1: Ball
2-1: Called Strike
2-2: DOUBLE (Line Drive, 7LS)
Dante Owens to third
Runner from 3rd tries for Home, SAFE, no throw
Batting: RHB Luis Ríos 0-0: Ball
1-0: Ball
2-0: Foul Ball, location: 2F
2-1: Called Strike
2-2: Strikes out swinging
Batting: RHB Justin Burgess 0-0: DOUBLE (Flyball, 78D)
Stephen Wilson scores
Batting: LHB Noriaki Sangi 0-0: Reached on error, E6 (Groundball, 6)
Justin Burgess scores
Batting: LHB Francisco Medina 0-0: Called Strike
0-1: Swinging Strike
0-2: Foul Ball, location: 2F
0-2: Foul Ball, location: 2F
0-2: Foul Ball, location: 2F
0-2: Ball
1-2: Ball
2-2: Foul Ball, location: 2F
2-2: Ground out 4-3 (Groundball, 4S)
Bottom of the 4th over - 3 runs, 3 hits, 1 error, 1 left on base; Portland 0 - Vista 5
TOP OF THE 5TH
Portland Cards batting - Pitching for Vista Panthers : LHP Andrew Caine
Batting: LHB Joel Nelson 0-0: Ball
1-0: Foul Ball, location: 2F
1-1: Foul Ball, location: 2F
1-2: DOUBLE (Flyball, 8LXD)
Batting: RHB Carlos Sánchez 0-0: Called Strike
0-1: Foul Ball, location: 2F
0-2: Ball
1-2: Ball
2-2: Strikes out swinging
Batting: RHB Peter Hensley 0-0: SINGLE (Groundball, 4MD)
Joel Nelson to third
Runner from 3rd tries for Home, SAFE, no throw
Batting: LHB Troy Donaldson 0-0: Called Strike
0-1: Ball
1-1: Ball
2-1: Foul Ball, location: 2F
2-2: Ball
3-2: Strikes out swinging
Batting: SHB Giancarlo Giannini 0-0: Fly out, F8 (Flyball, 89D)
Top of the 5th over - 1 run, 2 hits, 0 errors, 1 left on base; Portland 1 - Vista 5
BOTTOM OF THE 5TH
Vista Panthers batting - Pitching for Portland Cards : RHP Gustavo Ramos
Batting: RHB Gustavo Torres 0-0: Fly out, F8 (Flyball, 78M)
Batting: LHB Clyde Yarbrough 0-0: Called Strike
0-1: Foul Ball, location: 2F
0-2: Foul Ball, location: 2F
0-2: SOLO HOME RUN (Flyball, 89XD), Distance : 407 ft
Batting: RHB Jake Reeves 0-0: Called Strike
0-1: Ball
1-1: Swinging Strike
1-2: Strikes out looking
Batting: LHB Dante Owens 0-0: Ball
1-0: Ball
2-0: Ball
3-0: Base on Balls
Pitching: RHP Isaac Coleman
Batting: RHB Stephen Wilson 0-0: Called Strike
0-1: Called Strike
0-2: Ball
1-2: Ball
2-2: Ball
3-2: Fly out, F9 (Line Drive, 9S)
Bottom of the 5th over - 1 run, 1 hit, 0 errors, 1 left on base; Portland 1 - Vista 6
TOP OF THE 6TH
Portland Cards batting - Pitching for Vista Panthers : LHP Andrew Caine
Batting: LHB Leonardo Medina 0-0: Called Strike
0-1: Called Strike
0-2: Foul Ball, location: 2F
0-2: Foul Ball, location: 2F
0-2: Foul Ball, location: 2F
0-2: Ball
1-2: Fly out, F8 (Flyball, 8RM)
Batting: SHB Marvin Harris 0-0: Called Strike
0-1: Ball
1-1: Swinging Strike
1-2: Ball
2-2: Ball
3-2: Reached on error, E3 (Groundball, 34)
Batting: SHB Ken Hernández 0-0: Ball
1-0: Fly out, F7 (Flyball, 7D)
Batting: LHB Héctor Cruz 0-0: Ball
1-0: Ball
2-0: Ball
3-0: Called Strike
3-1: Called Strike
3-2: Foul Ball, location: 2F
3-2: Foul Ball, location: 2F
3-2: Foul Ball, location: 2F
3-2: Fly out, F6 (Line Drive, 6MD)
Top of the 6th over - 0 runs, 0 hits, 1 error, 1 left on base; Portland 1 - Vista 6
BOTTOM OF THE 6TH
Vista Panthers batting - Pitching for Portland Cards : RHP Isaac Coleman
Batting: RHB Luis Ríos 0-0: Ground out 6-3 (Groundball, 6)
Batting: RHB Justin Burgess 0-0: Called Strike
0-1: Ground out 3-1 (Groundball, 34)
Batting: LHB Noriaki Sangi 0-0: Ball
1-0: Foul Ball, location: 2F
1-1: Swinging Strike
1-2: Ball
2-2: Foul Ball, location: 2F
2-2: SINGLE (Line Drive, 4MD)
Batting: LHB Francisco Medina 0-0: Ball
1-0: Ball
2-0: Called Strike
2-1: Foul Ball, location: 2F
2-2: Foul Ball, location: 2F
2-2: Ground out 4-3 (Groundball, 4)
Bottom of the 6th over - 0 runs, 1 hit, 0 errors, 1 left on base; Portland 1 - Vista 6
TOP OF THE 7TH
Portland Cards batting - Pitching for Vista Panthers : LHP Andrew Caine
Pitching: LHP John Whitaker
Batting: LHB Joel Nelson 0-0: Called Strike
0-1: Called Strike
0-2: Foul Ball, location: 2F
0-2: Ball
1-2: Strikes out swinging
Batting: RHB Carlos Sánchez 0-0: Foul Ball, location: 2F
0-1: Swinging Strike
0-2: Foul Ball, location: 2F
0-2: Ball
1-2: Strikes out looking
Batting: RHB Peter Hensley 0-0: Called Strike
0-1: Swinging Strike
0-2: Ball
1-2: Strikes out looking
Top of the 7th over - 0 runs, 0 hits, 0 errors, 0 left on base; Portland 1 - Vista 6
BOTTOM OF THE 7TH
Vista Panthers batting - Pitching for Portland Cards : RHP Isaac Coleman
Batting: RHB Gustavo Torres 0-0: Foul Ball, location: 2F
0-1: Hit by Pitch
Batting: LHB Clyde Yarbrough 0-0: Ball
Gustavo Torres steals 2nd base
1-0: Ball
2-0: Called Strike
2-1: Swinging Strike
2-2: 2-RUN HOME RUN (Flyball, 9LD), Distance : 327 ft
Batting: RHB Jake Reeves 0-0: SINGLE (Flyball, 89S)
Batting: LHB Dante Owens 0-0: Fly out, F5 (Popup, 5SF)
Batting: RHB Stephen Wilson 0-0: Called Strike
0-1: Ball
1-1: Foul Ball, location: 2F
1-2: Ball
2-2: Ball
3-2: Foul Ball, location: 2F
3-2: Base on Balls
Jake Reeves to second
Batting: RHB Luis Ríos 0-0: Foul Ball, location: 2F
0-1: Ball
1-1: Ball
2-1: Called Strike
2-2: Grounds into double play, 6-4-3 (Groundball, 6)
Bottom of the 7th over - 2 runs, 2 hits, 0 errors, 1 left on base; Portland 1 - Vista 8
TOP OF THE 8TH
Portland Cards batting - Pitching for Vista Panthers : LHP John Whitaker
Batting: LHB Troy Donaldson 0-0: Called Strike
0-1: Ball
1-1: Foul Ball, location: 2F
1-2: Strikes out swinging
Batting: SHB Giancarlo Giannini 0-0: Ball
1-0: Swinging Strike
1-1: Foul Ball, location: 2F
1-2: Foul Ball, location: 2F
1-2: Ball
2-2: Fly out, F9 (Flyball, 9LMF)
Batting: LHB Leonardo Medina 0-0: Ball
1-0: Ball
2-0: Ball
3-0: Called Strike
3-1: Base on Balls
Batting: SHB Marvin Harris 0-0: Ball
1-0: Ball
2-0: Ball
3-0: Called Strike
3-1: Called Strike
3-2: Reached on error, E5 (Groundball, 56)
Leonardo Medina to third
Batting: SHB Ken Hernández 0-0: Called Strike
0-1: Foul Ball, location: 2F
0-2: Foul Ball, location: 2F
0-2: Strikes out looking
Top of the 8th over - 0 runs, 0 hits, 1 error, 2 left on base; Portland 1 - Vista 8
BOTTOM OF THE 8TH
Vista Panthers batting - Pitching for Portland Cards : RHP Isaac Coleman
Batting: RHB Justin Burgess 0-0: Ball
1-0: Ball
2-0: Foul Ball, location: 2F
2-1: SINGLE (Groundball, 34S) (infield hit)
Batting: LHB Noriaki Sangi 0-0: Ball
1-0: Grounds into double play, 4-6-3 (Groundball, 4D)
Batting: LHB Francisco Medina 0-0: DOUBLE (Line Drive, 3D)
Batting: RHB Gustavo Torres 0-0: Fly out, F7 (Flyball, 7)
Bottom of the 8th over - 0 runs, 2 hits, 0 errors, 1 left on base; Portland 1 - Vista 8
TOP OF THE 9TH
Portland Cards batting - Pitching for Vista Panthers : LHP John Whitaker
Batting: LHB Héctor Cruz 0-0: Ball
1-0: Swinging Strike
1-1: Foul Ball, location: 2F
1-2: Ground out 4-3 (Groundball, 4)
Batting: LHB Joel Nelson 0-0: Ball
1-0: Ball
2-0: Foul Ball, location: 2F
2-1: Foul Ball, location: 2F
2-2: Ball
3-2: Strikes out looking
Batting: RHB Carlos Sánchez 0-0: Swinging Strike
0-1: Ball
1-1: Ball
2-1: Foul Ball, location: 2F
2-2: Strikes out swinging
Top of the 9th over - 0 runs, 0 hits, 0 errors, 0 left on base; Portland 1 - Vista 8
Saturday, April 7th, 2018 - OOTP Baseball 18.8 Build 76